 Dungeon Crawl Stone Soup version 0.24.1-4-ge52af88ad5 (webtiles) character file.

Game seed: 10767342837541095721, levelgen mode: deterministic

3525 ChadusMaximus the Thaumaturge (level 9, -1/47 HPs)
             Began as a Deep Elf Summoner on Apr 19, 2020.
             Was a Priest of Makhleb.
             Slain by an ogre
             ... wielding a +0 giant spiked club
              (21 damage)
             ... on level 11 of the Dungeon.
             The game lasted 00:42:07 (12273 turns).

ChadusMaximus the Thaumaturge (Deep Elf Summoner)  Turns: 12273, Time: 00:42:08

Health: -1/47      AC:  6    Str:  5    XL:     9   Next: 81%
Magic:  3/26       EV: 14    Int: 24    God:    Makhleb [***...]
Gold:   397        SH:  0    Dex: 15    Spells: 9/31 levels left

rFire    . . .     SeeInvis .   t - +0 long sword
rCold    . . .     Gourm    .   (no shield)
rNeg     . . .     Faith    .   a - +0 robe
rPois    +         Spirit   .   o - +0 helmet
rElec    .         Reflect  .   Q - +0 cloak {rPois}
rCorr    .         Harm     .   M - +0 pair of gloves
MR       +....                  p - +0 pair of boots
Stlth    ++........             (no amulet)
HPRegen  0.15/turn              F - ring of protection from magic
MPRegen  0.20/turn              m - ring of wizardry

@: very slightly contaminated
A: no striking features
a: Minor Destruction, Lesser Servant of Makhleb, Renounce Religion


You were on level 11 of the Dungeon.
You worshipped Makhleb.
Makhleb was most pleased with you.
You were hungry.

You visited 1 branch of the dungeon, and saw 11 of its levels.

You collected 397 gold pieces.

Inventory:

Hand Weapons
 d - a +0 club
 j - a +0 hunting sling
 t - a +0 long sword (weapon)
 y - a +0 dagger
 L - a cursed -3 short sword
 N - a +1 hunting sling of flaming
Missiles
 n - 140 stones (quivered)
 w - 142 sling bullets
Armour
 a - a +0 robe (worn)
 e - a +0 ring mail
 o - a +0 helmet (worn)
 p - a +0 pair of boots (worn)
 C - a +1 chain mail of fire resistance
 M - a +0 pair of gloves (worn)
 Q - a +0 cloak of poison resistance (worn)
Jewellery
 b - an uncursed ring of protection from cold
 m - a ring of wizardry (right hand)
 F - a ring of protection from magic (left hand)
Wands
 D - a wand of enslavement (9)
 I - a wand of acid (16)
 R - a wand of flame (10)
Scrolls
 f - 3 scrolls of immolation
 i - 6 scrolls of magic mapping
 k - 2 scrolls of teleportation
 l - 7 scrolls of remove curse
 r - 2 scrolls of blinking
 s - 2 scrolls of fear
 u - a scroll of enchant weapon
 E - a scroll of fog
 H - a scroll of amnesia {unknown}
 J - a scroll of identify
 K - a scroll of random uselessness {unknown}
 O - 3 scrolls of noise {unknown}
Potions
 g - a potion of invisibility {unknown}
 h - a potion of heal wounds
 q - 3 potions of degeneration
 v - a potion of curing {unknown}
 x - a potion of resistance {unknown}
 z - 2 potions of might
 A - 2 potions of haste {unknown}
 B - 3 potions of flight {unknown}
 G - a potion of magic {unknown}
 P - a potion of brilliance {unknown}
 S - a potion of berserk rage {unknown}
 T - a potion of cancellation {unknown}
Comestibles
 c - 13 rations


   Skills:
 + Level 1.2 Fighting
 + Level 2.3 Long Blades
 + Level 0.1 Slings
 + Level 0.5 Armour
 + Level 3.6 Dodging
 + Level 3.2 Stealth
 + Level 11.8 Spellcasting
 + Level 4.0 Hexes
 + Level 9.7 Summonings
 + Level 0.2 Necromancy
 + Level 3.1 Ice Magic
 + Level 3.1 Air Magic


You had 9 spell levels left.
You knew the following spells:

 Your Spells              Type           Power        Failure   Level  Hunger
a - Summon Small Mammal   Summ           ####         1%          1    None
b - Call Canine Familiar  Summ           ######..     1%          3    None
c - Summon Guardian Gole  Hex/Summ       #####...     1%          3    None
d - Summon Lightning Spi  Summ/Air       #####...     1%          4    None
e - Summon Ice Beast      Ice/Summ       #####...     1%          4    None
f - Animate Dead          Necr           N/A          16%         4    None
g - Regeneration          Chrm/Necr      ##........   4%          3    None

Your spell library contained the following spells:

 Spells                   Type           Power        Failure   Level  Hunger
 Animate Skeleton         Necr           N/A          1%          1    None
 Pain                     Necr           ###.         1%          1    None
 Call Imp                 Summ           ######..     1%          2    None
 Vampiric Draining        Necr           ###.......   4%          3    None


Dungeon Overview and Level Annotations

Branches:
Dungeon (11/15)            Temple (0/1) D:5            Lair (0/6) D:9
    Orc: D:9-12

Altars:
Cheibriados
Elyvilon
Fedhas
Hepliaklqana
Kikubaaqudgha
Makhleb
Okawaru
Qazlal
Sif Muna
Uskayaw
Xom
The Shining One

Shops:
D:9 }   D:10 *


Message History

Something hits your wolf!
Casting: Summon Lightning Spire (safe; 1% risk of failure)
Confirm with . or Enter, or press ? or * to list all spells.
Your wolf disappears in a puff of smoke!
Something hits your lightning spire!
You swap places.
Something hits your lightning spire.
Your guardian golem is destroyed!
Something hits your lightning spire.
An ogre comes into view. It is wielding a +0 giant spiked club.
The ogre shouts!
You hear a shout!
Found a stone staircase leading up.
An orc comes into view. It is wielding a +0 club.
The orc shouts!
Casting: Call Canine Familiar (safe; 1% risk of failure)
Confirm with . or Enter, or press ? or * to list all spells.
A guardian golem appears, shielding your allies.
An orc comes into view. It is wielding a +0 flail.
You swap places.
The ogre hits you with a +0 giant spiked club!!
You die...

#.# #.# #.# #.#
#.#######
#........
#.#######
.o.########.#
#.o.8.h@...#####
######O..........
#.###.#####. #<#
#.# ... #.# ....
..# ##... ###
##.## #.


You could see an ogre, 2 orcs, a friendly guardian golem and a friendly warg.

Vanquished Creatures
  A hound (D:4)
  A bullfrog skeleton (D:4)
  An adder (D:2)
  A dart slug (D:5)
  A leopard gecko (D:2)
  A bat (D:3)
  A goblin (D:3)
  2 kobolds (D:2)
  A quokka (D:3)
  A frilled lizard (D:2)
  A rat (D:3)
12 creatures vanquished.

Vanquished Creatures (collateral kills)
  Maurice (D:9)
  Joseph (D:9)
  2 hippogriffs
  7 yaks
  2 hungry ghosts
  The ghost of Teivard the Magician, an amateur HuWz (D:4)
  A water moccasin (D:8)
  2 ice beasts
  A sky beast (D:8)
  2 ogres
  2 orc warriors
  A black bear (D:10)
  4 phantoms
  4 centaurs
  A big kobold (D:9)
  4 bullfrogs
  2 scorpions
  3 wights (D:6)
  2 centaur zombies
  A bullfrog zombie (D:7)
  2 quasits (D:9)
  5 crimson imps
  8 jellies
  6 orc priests
  A bullfrog skeleton (D:8)
  5 hounds
  Jessica (D:2)
  3 iguanas
  4 orc wizards
  6 worker ants
  A killer bee zombie (D:6)
  A hound zombie (D:7)
  A worker ant zombie (D:9)
  7 adders
  3 gnolls (D:4)
  4 shadow imps
  2 oozes
  An adder zombie (D:9)
  A worm (D:5)
  2 dart slugs (D:1)
  28 orcs
  2 ball pythons
  4 giant cockroaches
  8 hobgoblins
  18 jackals
  13 kobolds
  5 quokkas
  3 frilled lizards
  4 goblins
  A leopard gecko zombie (D:5)
  A quokka skeleton (D:4)
  A quokka zombie (D:6)
  4 rats
  A withered plant (D:4)
201 creatures vanquished.

Vanquished Creatures (others)
  3 yaks (D:7)
  An ice beast (D:7)
4 creatures vanquished.

Grand Total: 217 creatures vanquished

Notes
Turn   | Place    | Note
-------+----------+-------------------------------------------
     0 | D:1      | ChadusMaximus the Deep Elf Summoner began the quest for the
                  | Orb.
     0 | D:1      | Reached XP level 1. HP: 10/10 MP: 6/6
   171 | D:1      | Reached XP level 2. HP: 12/15 MP: 4/8
   766 | D:2      | Found a stormy altar of Qazlal.
   774 | D:2      | Reached skill level 5 in Summonings
   904 | D:2      | Found a blossoming altar of Fedhas.
   917 | D:2      | Noticed Jessica
   923 | D:2      | Killed Jessica
   923 | D:2      | Reached XP level 3. HP: 6/19 MP: 6/10
  1111 | D:2      | Found a burning altar of Makhleb.
  1123 | D:2      | Became a worshipper of Makhleb the Destroyer
  1168 | D:2      | Reached skill level 4 in Spellcasting
  1184 | D:2      | Learned a level 3 spell: Call Canine Familiar
  2023 | D:3      | Reached XP level 4. HP: 24/24 MP: 8/12
  2505 | D:3      | Found a glowing golden altar of the Shining One.
  2717 | D:3      | Found a shimmering blue altar of Sif Muna.
  2793 | D:3      | Found an iron altar of Okawaru.
  3031 | D:3      | Reached * piety under Makhleb
  3337 | D:3      | Reached skill level 5 in Spellcasting
  3515 | D:4      | Found a hide-covered altar of Uskayaw.
  3524 | D:4      | Reached XP level 5. HP: 26/28 MP: 10/14
  3565 | D:4      | Learned a level 3 spell: Summon Guardian Golem
  3570 | D:4      | Learned a level 4 spell: Summon Lightning Spire
  4015 | D:4      | Found a runed translucent door.
  4016 | D:4      | Noticed an ice beast
  4084 | D:4      | Killed an ice beast
  4084 | D:4      | Reached skill level 6 in Spellcasting
  4084 | D:4      | Reached XP level 6. HP: 21/32 MP: 0/17
  4714 | D:4      | Noticed Teivard's ghost (amateur HuWz)
  5024 | D:4      | Killed Teivard's ghost
  5128 | D:4      | Learned a level 4 spell: Summon Ice Beast
  5129 | D:5      | Entered Level 5 of the Dungeon
  5237 | D:5      | Reached skill level 7 in Spellcasting
  5695 | D:5      | Found a snail-covered altar of Cheibriados.
  5736 | D:5      | Reached XP level 7. HP: 36/36 MP: 12/19
  6202 | D:5      | Found a staircase to the Ecumenical Temple.
  6292 | D:5      | Found an ancient bone altar of Kikubaaqudgha.
  6585 | D:6      | Reached ** piety under Makhleb
  6585 | D:6      | Reached skill level 1 in Air Magic
  6696 | D:6      | Learned a level 4 spell: Animate Dead
  6890 | D:6      | Reached skill level 8 in Spellcasting
  7689 | D:7      | Noticed a yak
  7691 | D:7      | Noticed a yak
  7692 | D:7      | Noticed a yak
  7695 | D:7      | Noticed a yak
  7700 | D:7      | Killed a yak
  7701 | D:7      | Noticed a yak
  7701 | D:7      | Killed a yak
  7701 | D:7      | Reached XP level 8. HP: 41/41 MP: 3/22
  7701 | D:7      | Reached skill level 9 in Spellcasting
  7701 | D:7      | Reached skill level 1 in Hexes
  7924 | D:7      | Reached skill level 1 in Ice Magic
  8220 | D:7      | Found a white marble altar of Elyvilon.
  8264 | D:7      | Reached skill level 1 in Long Blades
  8375 | D:7      | Reached skill level 10 in Spellcasting
  8602 | D:8      | Noticed a hippogriff
  8611 | D:8      | Killed a hippogriff
  8617 | D:8      | Reached XP level 9. HP: 32/46 MP: 3/25
  9114 | D:8      | Reached *** piety under Makhleb
  9302 | D:9      | Found a hazy altar of Hepliaklqana.
  9303 | D:9      | Found a shimmering altar of Xom.
  9304 | D:9      | Noticed a spectral ugly thing
  9311 | D:9      | Noticed Maurice
  9764 | D:9      | Killed Maurice
  9907 | D:9      | Noticed Joseph
 10475 | D:9      | Found Vohuf's Gadget Emporium.
 10532 | D:9      | Reached skill level 11 in Spellcasting
 10868 | D:9      | Found a staircase to the Lair.
 10909 | D:9      | Killed Joseph
 11374 | D:10     | Entered Level 10 of the Dungeon
 11683 | D:10     | Found Ytudeh's Assorted Antiques.
 12049 | D:11     | Learned a level 3 spell: Regeneration
 12094 | D:11     | Reached skill level 1 in Fighting
 12273 | D:11     | Slain by an ogre

Levels and vault maps discovered:
D:1:      eino_arrival_druids_welcome, layout_basic, minmay_tromino_v4_b
D:2:      layout_basic, grunt_temple_overflow_forces_of_nature,
          overflow_temple_1_default, uniq_jessica
D:3:      layout_basic, lemuel_round_altar, nicolae_overflow_hidden_temple,
          tso_oasis_becter, first_ration, grunt_ministairs_14
D:4:      layout_loops_cross, eat_drink_and_be_merry_uskayaw,
          gammafunk_ghost_grave
D:5:      layout_rooms, kennysheep_mini, kennysheep_slug_shrine,
          minmay_temple_entry_antechambers
D:6:      layout_basic
D:7:      layout_gridville, overflow_temple_1_default, grunt_ogre_cave
D:8:      layout_rooms
D:9:      layout_long_grid, regret_index_temple_of_mockery, dpeg_oklobed_lair,
          serial_glass, glass_columns_b, glass_columns_a,
          minmay_strange_pillars, serial_shops, shop, uniq_joseph, uniq_maurice
D:10:     layout_grid_maze, serial_shops, shop
D:11:     layout_loops_ring, orc_0_dummy, serial_shops, shop, uniq_urug

Skill      XL: |  1  2  3  4  5  6  7  8  9 |
---------------+----------------------------+-----
Summonings     | 5 6 7 8 9 |  9.7
Spellcasting   | 4 5 6 7 8 10 11 | 11.8
Dodging        | 3 |  3.6
Air Magic      | 1 3 |  3.1
Stealth        | 3 |  3.2
Hexes          | 3 4 |  4.0
Ice Magic      | 1 3 |  3.1
Long Blades    | 2 |  2.3
Fighting       | 1 |  1.2
Slings         | |  0.1
Armour         | |  0.5
Necromancy     | |  0.2

Action                   |  1- 3 |  4- 6 |  7- 9 || total
-------------------------+-------+-------+-------++-------
Melee: Club              |    32 |       |       ||    32
       Unarmed           |     1 |       |       ||     1
       Hunting sling     |     3 |       |       ||     3
       Long sword        |       |    15 |    27 ||    42
 Fire: Hunting sling     |     9 |    12 |       ||    21
 Cast: Summon Small Mamm |    71 |    57 |    21 ||   149
       Call Canine Famil |     5 |    19 |    36 ||    60
       Summon Guardian G |       |     7 |    30 ||    37
       Summon Lightning  |       |     8 |    52 ||    60
       Summon Ice Beast  |       |     6 |    41 ||    47
       Animate Dead      |       |       |     5 ||     5
       Regeneration      |       |       |     4 ||     4
  Use: Scroll            |       |       |    17 ||    17
       Potion            |       |       |     1 ||     1
 Stab: Distracted        |     1 |       |     1 ||     2
  Eat: Chunk             |     4 |     4 |     7 ||    15
       Ration            |       |     2 |     5 ||     7
Armor: Robe              |     7 |     7 |    14 ||    28
       Ring mail         |       |     2 |       ||     2
Dodge: Dodged            |    46 |    23 |    51 ||   120
       Rpst.: Long sword |       |     7 |    13 ||    20
